 Dungeon Crawl Stone Soup version 0.28-a0-1624-g820543e53a (webtiles) character file.

Game seed: 8921185527895575790

181 croobank the Firebug (level 5, 0/38 HPs)
             Began as a Draconian Fire Elementalist on Jan 23, 2022.
             Succumbed to an orc's poison
             ... on level 4 of the Dungeon on Jan 24, 2022.
             The game lasted 00:14:17 (3535 turns).

croobank the Firebug (Draconian Fire Elementalist)  Turns: 3535, Time: 00:14:17

Health: 0/38       AC:  6    Str: 10    XL:     5   Next: 34%
Magic:  4/9        EV: 12    Int: 17    God:
Gold:   214        SH:  5    Dex: 12    Spells: 1/9 levels left

rFire   . . .      SeeInvis .   a - +2 dagger (vamp)
rCold   . . .      Faith    .   (no shield)
rNeg    . . .      Spirit   .   (armour unavailable)
rPois   +          Reflect  +   (helmet restricted)
rElec   .          Harm     .   e - +0 cloak
rCorr   .          Rampage  .   (no gloves)
Will    .....                   (no boots)
Stlth   ++........              f - amulet "Wafireq" {Reflect rPois SH+5}
HPRegen 0.12/turn               (no ring)
MPRegen 0.11/turn               (no ring)

@: mighty, lethally poisoned (0 -> -1), very slightly contaminated
A: AC +5, unfitting armour, cold-blooded
a: no special abilities


You were on level 4 of the Dungeon.
You visited 1 branch of the dungeon, and saw 4 of its levels.

You collected 214 gold pieces.

Inventory:

Hand Weapons
 a - a +2 vampiric dagger (weapon)
 b - a +0 hunting sling
 c - a +0 whip
 k - a +0 hand axe
Missiles
 d - 65 stones
 h - 3 poisoned darts
 i - 21 bolts
Armour
 e - a +0 cloak (worn)
Jewellery
 f - the amulet "Wafireq" (around neck) {Reflect rPois SH+5}
   (You acquired it on level 2 of the Dungeon)

   [amulet of reflection]

   It reflects blocked missile attacks.
   rPois:     It protects you from poison.
   SH:        It affects your SH (+5).
Scrolls
 g - a scroll of amnesia
 m - a scroll of fear
 o - a scroll of teleportation


   Skills:
 + Level 2.7 Dodging
 + Level 2.9 Stealth
 + Level 2.9 Spellcasting
 + Level 2.4 Conjurations
 + Level 3.7 Fire Magic


You had one spell level left.
You knew the following spells:

 Your Spells              Type           Power      Damage    Failure   Level
a - Foxfire               Conj/Fire      52%        2x1d6     4%          1
b - Scorch                Fire           30%        2d6       5%          2
c - Freeze                Ice            8%         1d3       19%         1
d - Flame Wave            Conj/Fire      13%        2d6       43%         4

Your spell library contained the following spells:

 Spells                   Type           Power      Damage    Failure   Level
 Slow                     Hex            8%         N/A       19%         1
 Summon Small Mammal      Summ           8%         N/A       19%         1
 Conjure Flame            Conj/Fire      13%        6-21      14%         3
 Inner Flame              Hex/Fire       8%         N/A       24%         3
 Call Canine Familiar     Summ           2%         N/A       47%         3
 Confusing Touch          Hex            2%         N/A       47%         3
 Frozen Ramparts          Ice            4%         1d2       47%         3
 Summon Guardian Golem    Hex/Summ       2%         N/A       47%         3
 Vampiric Draining        Necr           2%         2d6       47%         3
 Hailstorm                Conj/Ice       6%         3d4       71%         4


Dungeon Overview and Level Annotations

Branches:
Dungeon (4/15)
 Temple: D:4-7

Altars:

Shops:
D:2 (   D:3 =


Innate Abilities, Weirdness & Mutations

Your plain brown scales are hard. (AC +5)
You cannot fit into any form of body armour.
You are cold-blooded and may be slowed by cold attacks.


Message History

* * * LOW HITPOINT WARNING * * *
As you read the scroll of fear, it crumbles to dust.
You assume a fearsome visage.
The orc wizard looks frightened!
The orc priest looks frightened!
The orc looks frightened!
* * * LOW HITPOINT WARNING * * *
You feel very sick.
The orc wizard gestures wildly while chanting.
The orc wizard flickers and vanishes!
Deactivating autopickup; reactivate with Ctrl-A.
It was a potion of might.
You feel very mighty all of a sudden.
* * * LOW HITPOINT WARNING * * *
You feel sick.
Casting: Scorch (safe; 5% risk of failure)
Confirm with . or Enter, or press ? or * to list all spells.
Okay, then.
Casting: Scorch (safe; 5% risk of failure)
Confirm with . or Enter, or press ? or * to list all spells.
You miscast Scorch.
You are very lightly contaminated with residual magic.
Nothing appears to happen.
* * * LOW HITPOINT WARNING * * *
You feel sick.
Found a stone staircase leading up.
* * * LOW HITPOINT WARNING * * *
You feel sick.
Blink to where?
Press: ? - help, Dir - move target
As you read the scroll labelled WELIGG JADEN, it crumbles to dust.
It was a scroll of blinking.
* * * LOW HITPOINT WARNING * * *
You feel sick.
Okay, then.
As you read the scroll labelled NUWIKA IRONUIR, it crumbles to dust.
You speak a Word of immense power!
It was a scroll of holy word.
* * * LOW HITPOINT WARNING * * *
You feel sick.
You pick up a book of Debilitation and begin reading...
You add the spells Slow, Vampiric Draining and Confusing Touch to your library.
You die...

#+##.<. .#.#.## ##.# #
..#... ......####
##o...# #.# #.#...
##.$.#.# #.# #.....
#.###......###.###.#...
#........)?..........#.
#.@..(.#.#.##..#...
##...#.#.#.##.....#
###.##.#.#.###.####
................#
####...........##
###########.# #.# #.#
#..


You could see an orc (fleeing).

Vanquished Creatures
  An iguana (D:4)
  An orc wizard (D:2)
  4 adders
  A white imp (D:3)
  An ufetubus (D:4)
  4 worms
  A dart slug (D:3)
  5 orcs
  8 ball pythons
  5 bats
  8 endoplasms
  3 giant cockroaches (D:3)
  11 goblins
  7 hobgoblins
  A kobold (D:1)
  A quokka (D:4)
  3 frilled lizards
  A rat (D:1)
  A spectral goblin (D:1)
67 creatures vanquished.

Vanquished Creatures (others)
  92 foxfires
92 creatures vanquished.

Grand Total: 159 creatures vanquished

Notes
Turn   | Place    | Note
-------+----------+-------------------------------------------
     0 | D:1      | croobank the Draconian Fire Elementalist began the quest
                  | for the Orb.
     0 | D:1      | Reached XP level 1. HP: 14/14 MP: 3/3
   410 | D:1      | Found a faded altar of an unknown god.
   414 | D:1      | Reached XP level 2. HP: 19/20 MP: 3/5
   418 | D:1      | Learned a level 2 spell: Scorch
   420 | D:1      | Learned a level 1 spell: Freeze
  1142 | D:2      | Reached XP level 3. HP: 26/26 MP: 0/6
  1600 | D:2      | Identified the +0 leather armour "Qoce Umy" {Harm *Corrode
                  | Int+3}
  1640 | D:2      | Found Syaghusk's Weapon Boutique.
  2013 | D:3      | Reached XP level 4. HP: 25/33 MP: 0/7
  2421 | D:2      | Identified a scroll of acquirement
  2422 | D:2      | Acquired the amulet "Wafireq" {Reflect rPois SH+5}
  2456 | D:3      | Found Xuust's Jewellery Boutique.
  2825 | D:3      | Reached XP level 5. HP: 38/38 MP: 6/9
  3179 | D:3      | Learned a level 4 spell: Flame Wave
  3534 | D:4      | HP: 1/38 [poisoned by an orc]
  3535 | D:4      | Succumbed to an orc's poison

Illustrated notes

Levels and vault maps discovered:
D:1:      co_arrival_square_in_a_square_in_a_square, layout_basic,
          dreamdust_ecumenical_altar_drowned_temple
D:2:      layout_basic, serial_shops, nicolae_shop_bloodbath_and_beyond
D:3:      layout_basic, serial_shops, nicolae_lakefront_shop
D:4:      layout_loops_ring, nemelex_dance_club_becter,
          gammafunk_temple_overflow_statue, minmay_temple_entry_overgrown

Skill      XL: |  1  2  3 |
---------------+----------+-----
Stealth        | 2 |  2.9
Dodging        | 2 |  2.7
Conjurations   | 2 |  2.4
Spellcasting   | |  2.9
Fire Magic     | |  3.7

Action                   |  1- 3 |  4- 6 || total
-------------------------+-------+-------++-------
Melee: Unarmed           |    15 |       ||    15
       Whip              |    29 |    17 ||    46
       Tailslap          |     2 |     7 ||     9
       Dagger            |       |    22 ||    22
 Cast: Foxfire           |    35 |    20 ||    55
       Scorch            |    13 |    18 ||    31
       Freeze            |     5 |       ||     5
  Use: Scroll            |       |     9 ||     9
       Potion            |       |     3 ||     3
 Stab: Sleeping          |       |     1 ||     1
Armor: Skin              |    13 |    14 ||    27
Dodge: Dodged            |    28 |    37 ||    65
Block: Other             |       |     7 ||     7
       Reflection        |       |     2 ||     2

Table legend: (Time is in decaauts)
 A = Elapsed time spent in this place.
 B = Non-inter-level travel time spent in this place.
 C = Inter-level travel time spent in this place.
 D = Time resting spent in this place.
 E = Time spent auto-exploring this place.
 F = Levels seen in this place.
 G = Mean time per level.
                   A        B        C        D        E       F      G
               +--------+--------+--------+--------+--------+-----+--------+
         Total |   3545 |   3468 |     77 |    212 |   2593 |   4 |  886.2 |
       Dungeon |   3545 |   3468 |     77 |    212 |   2593 |   4 |  886.2 |
               +--------+--------+--------+--------+--------+-----+--------+

Top non-repeatable levels by time:
     D:3: 1140 daAuts
     D:1: 1063 daAuts
     D:2: 1019 daAuts
     D:4: 321 daAuts
